 Dungeon Crawl Stone Soup version 0.30-a0-918-g0ff054e9dc (webtiles) character file.

Game seed: 16032223386611579467

52 Demosthentine the Poker (level 3, -5/28 HPs)
             Began as a Demonspawn Gladiator on Mar 21, 2023.
             Slain by a gnoll
             ... wielding a +2 halberd of protection
              (10 damage)
             ... on level 2 of the Dungeon.
             The game lasted 00:01:00 (1487 turns).

Demosthentine the Poker (Demonspawn Gladiator)      Turns: 1487, Time: 00:01:01

Health: -5/28      AC:  4    Str: 16    XL:     3   Next: 60%
Magic:  3/3        EV: 12    Int:  9    God:
Gold:   128        SH:  4    Dex: 16    Spells: 2/2 levels left

rFire   . . .      SeeInvis .    a - +0 trident
rCold   . . .      Faith    .    (no shield)
rNeg    . . .      Spirit   .    b - +0 leather armour
rPois   .          Reflect  .    c - +0 helmet
rElec   .          Rampage  .    (no cloak)
rCorr   .                        (no gloves)
Will    .....                    (no boots)
Stlth   ++                       (no amulet)
HPRegen 0.24/turn                (no ring)
MPRegen 0.08/turn                (no ring)

@: hasted, very quick
A: thin skeletal structure 1, condensation shield
a: no special abilities


You were on level 2 of the Dungeon.
You visited 1 branch of the dungeon, and saw 2 of its levels.

You collected 128 gold pieces.

Inventory:

Hand Weapons
 a - a +0 trident (weapon)
Missiles
 d - 3 throwing nets (quivered)
 e - a javelin
Armour
 b - a +0 leather armour (worn)
 c - a +0 helmet (worn)
Scrolls
 j - a scroll of immolation {unknown}
Potions
 f - 3 potions of haste
 g - a potion of cancellation {unknown}
 h - a potion of might {unknown}
 i - a potion of curing {unknown}
 k - a potion of attraction {unknown}
 l - a potion of magic {unknown}


   Skills:
 + Level 2.6 Fighting
 + Level 3.1 Polearms
 - Level 1.7 Throwing
 + Level 1.2 Armour
 + Level 3.1 Dodging


You had 2 spell levels left.
You didn't know any spells.
Your spell library contained the following spells:

 Spells                   Type           Power      Damage    Failure   Level
 Frozen Ramparts          Ice            0%         1d1       83%         3
 Hailstorm                Conj/Ice       0%         3d3       83%         3
 Ozocubu's Armour         Ice            0%         N/A       83%         3
 Summon Ice Beast         Ice/Summ       0%         N/A       99%         4
 Simulacrum               Ice/Necr       0%         N/A       100%        6


Dungeon Overview and Level Annotations

Branches:
Dungeon (2/15)

Altars:


Innate Abilities, Weirdness & Mutations

You have a somewhat thin skeletal structure. (Dex +2, Stealth+)
A meltable shield of frost defends you. (SH +4)


Message History

You closely miss the bat. The bat barely misses you.
The bat hits you but does no damage.
You hit the bat.
You kill the bat!
Reach: a) +0 trident
Press: ? - help, Dir - move target, f - gnoll, p - gnoll
Aim: a gnoll, wielding a +2 halberd of protection (about 36% to evade your +0 trident)
You reach to attack!
You hit the gnoll but do no damage. The gnoll closely misses you.
The gnoll completely misses you.
Reach: a) +0 trident
Press: ? - help, Dir - move target, f/p - gnoll
Aim: a gnoll, wielding a +2 halberd of protection (about 36% to evade your +0 trident)
The gnoll is in the way.
You barely miss the gnoll.
The gnoll is moderately wounded.
The gnoll hits you with a +0 flail. The gnoll barely misses you.
Reach: a) +0 trident
Press: ? - help, Dir - move target, f/p - gnoll
Aim: a gnoll, wielding a +2 halberd of protection (about 36% to evade your +0 trident)
The gnoll is in the way.
You hit the gnoll but do no damage.
The gnoll is moderately wounded.
You block the gnoll's attack. The gnoll hits you with a +0 flail.
Reach: a) +0 trident
Press: ? - help, Dir - move target, f/p - gnoll
Aim: a gnoll, wielding a +2 halberd of protection (about 36% to evade your +0 trident)
The gnoll is in the way.
You hit the gnoll but do no damage.
The gnoll is moderately wounded.
The gnoll hits you with a +0 flail.
The gnoll hits you from afar with a +2 halberd of protection!
* * * LOW HITPOINT WARNING * * *
Reach: a) +0 trident
Press: ? - help, Dir - move target, f/p - gnoll
Aim: a gnoll, wielding a +2 halberd of protection (about 36% to evade your +0 trident)
You reach to attack!
You hit the gnoll.
The gnoll is moderately wounded.
The gnoll hits you with a +0 flail.
* * * LOW HITPOINT WARNING * * *
The gnoll closely misses you.
You feel yourself speed up. The gnoll closely misses you.
The gnoll hits you from afar with a +2 halberd of protection!
You die...

#.### #.#...........# #.### #...#
#.#.##........# #.##.
#.#.###.#.##........# #.# #
###...#.#.##..).....# #.# #
###.#.#.#....###### #.# #
##.###.#.#.#.#..#############.###
>.......................)........
.#.##...####.#..#############.#≈≈
##.......#..@gggl.# #....
##....###.#####....# #...#
........... ...# #...#
#######..#. ..# #...≈ ##. .. .#
#...≈ ## .. # #.... ... #...#
#...# #....


You could see 3 gnolls and a frilled lizard.

Vanquished Creatures
  An adder (D:2)
  A dart slug (D:2)
  3 ball pythons (D:1)
  2 bats
  3 endoplasms
  A giant cockroach (D:1)
  5 goblins
  4 hobgoblins
  4 quokkas
  4 frilled lizards (D:1)
  5 kobolds
  5 rats (D:1)
38 creatures vanquished.

Notes
Turn   | Place    | Note
-------+----------+-------------------------------------------
     0 | D:1      | Demosthentine the Demonspawn Gladiator began the quest for
                  | the Orb.
     0 | D:1      | Reached XP level 1. HP: 16/16 MP: 1/1
   166 | D:1      | Gained mutation: You have a somewhat thin skeletal
                  | structure. (Dex +2, Stealth+) [demonic ancestry]
   166 | D:1      | Reached XP level 2. HP: 18/22 MP: 2/2
   608 | D:1      | Reached skill level 1 in Armour
   907 | D:1      | Gained mutation: A meltable shield of frost defends you.
                  | (SH +4) [demonic ancestry]
   907 | D:1      | Reached XP level 3. HP: 28/28 MP: 3/3
  1037 | D:2      | Got the Omnibus of Rime
  1487 | D:2      | Slain by a gnoll

Illustrated notes

Levels and vault maps discovered:
D:1:      reono_arrival_mine, layout_loops_corners, chequers_jeans,
          nicolae_eternal_life, grunt_decor_junction, minmay_tetromino_o4
D:2:      layout_basic, chequers_serial_rivers_small_b, st_stairs_5

Skill      XL: |  1  2 |
---------------+-------+-----
Polearms       | 3 |  3.1
Dodging        | 3 |  3.1
Armour         | 1 |  1.2
Fighting       | |  2.6
Throwing       | |  1.7

Action                     || total
---------------------------++-------
  Melee: Trident           ||   114
         Punch             ||     1
    Use: Scroll            ||     2
         Potion            ||     1
   Stab: Sleeping          ||     9
         Distracted        ||     1
 Armour: Leather armour    ||    20
  Dodge: Dodged            ||    64
  Block: Other             ||     5

Table legend: (Time is in decaauts)
 A = Elapsed time spent in this place.
 B = Non-inter-level travel time spent in this place.
 C = Inter-level travel time spent in this place.
 D = Time resting spent in this place.
 E = Time spent auto-exploring this place.
 F = Levels seen in this place.
 G = Mean time per level.
                   A        B        C        D        E       F      G
               +--------+--------+--------+--------+--------+-----+--------+
         Total |   1503 |   1462 |     41 |      0 |   1207 |   2 |  751.5 |
       Dungeon |   1503 |   1462 |     41 |      0 |   1207 |   2 |  751.5 |
               +--------+--------+--------+--------+--------+-----+--------+

Top non-repeatable levels by time:
     D:1: 1008 daAuts
     D:2: 495 daAuts
